 Dungeon Crawl Stone Soup version 0.27-a0-836-gfc908b8576 (webtiles) character file.

Game seed: 16719802746064613554

77 sizableburger the Ruffian (level 4, -1/45 HPs)
             Began as an Ogre Transmuter on Mar 31, 2021.
             Slain by a goblin
             ... wielding a +0 club
              (4 damage)
             ... on level 3 of the Dungeon.
             The game lasted 00:05:25 (3513 turns).

sizableburger the Ruffian (Ogre Transmuter)         Turns: 3513, Time: 00:05:26

Health: -1/45      AC:  4    Str: 14    XL:     4   Next: 34%
Magic:  6/8        EV:  9    Int: 15    God:
Gold:   113        SH:  0    Dex:  9    Spells: 5/8 levels left

rFire    . . .     SeeInvis .     - Unarmed
rCold    . . .     Faith    .   (no shield)
rNeg     . . .     Spirit   .   a - +1 robe
rPois    .         Reflect  .   (helmet currently unavailable)
rElec    .         Harm     .   (no cloak)
rCorr    .         Rampage  .   (gloves unavailable)
Will     +....                  (boots unavailable)
Stlth    +.........             (no amulet)
HPRegen  0.15/turn              h - ring of willpower
MPRegen  0.11/turn              (no ring)

@: lethally poisoned (-1 -> -7), appendages, wereblooded
A: horns 2, talons 2, large, unfitting armour, tough skin 1
a: End Transformation


You were on level 3 of the Dungeon.
You had temporarily grown beastly horns and talons.
You visited 1 branch of the dungeon, and saw 3 of its levels.

You collected 113 gold pieces.

Inventory:

Armour
 a - a +1 robe (worn)
Jewellery
 h - a ring of willpower (left hand)
 l - a ring of fire
Scrolls
 g - a scroll of amnesia {unknown}
 i - a scroll of blinking {unknown}
 k - a scroll of magic mapping {unknown}
Potions
 d - a potion of degeneration {unknown}
 e - a potion of brilliance
 j - a potion of mutation


   Skills:
 + Level 3.1 Fighting
 - Level 1.7 Dodging
 + Level 3.3 Unarmed Combat
 + Level 2.8 Spellcasting
 + Level 2.6 Transmutations


You had 5 spell levels left.
You knew the following spells:

 Your Spells              Type           Power      Damage    Failure   Level
a - Beastly Appendage     Tmut           20%        N/A       7%          1
b - Wereblood             Tmut           10%        N/A       11%         2

Your spell library contained the following spells:

 Spells                   Type           Power      Damage    Failure   Level
 Animate Skeleton         Necr           4%         N/A       21%         1
 Apportation              Tloc           4%         N/A       21%         1
 Corona                   Hex            2%         N/A       21%         1
 Summon Small Mammal      Summ           8%         N/A       21%         1
 Spider Form              Tmut/Pois      3%         N/A       34%         3
 Ice Form                 Ice/Tmut       6%         N/A       75%         4
 Hydra Form               Tmut           5%         N/A       88%         5


Dungeon Overview and Level Annotations

Branches:
Dungeon (3/15)

Altars:


Innate Abilities, Weirdness & Mutations

You have temporarily grown beastly horns and talons.
You are too large for most types of armour.
You have tough skin. (AC +1)


Message History

You closely miss the goblin. Your headbutt misses the goblin.
You feel very sick. The goblin hits you but does no damage.
The orc hits you with a +0 mace. Something hits you.
You are more poisoned.
The orc hits you but does no damage.
You barely miss the goblin.
* * * LOW HITPOINT WARNING * * *
You feel very sick. The goblin hits you but does no damage.
The orc hits you with a +0 mace.
* * * LOW HITPOINT WARNING * * *
Something hits you.
* * * LOW HITPOINT WARNING * * *
The orc hits you but does no damage.
You feel much better.
You feel very sick. The goblin hits you with a +0 club.
The orc closely misses you. Something hits you.
A dart slug comes into view.
The orc barely misses you.
Okay, then.
You feel very sick. The goblin hits you with a +0 club.
* * * LOW HITPOINT WARNING * * *
You feel very sick. The goblin hits you but does no damage.
* * * LOW HITPOINT WARNING * * *
You feel sick.
As you read the scroll labelled GEFA IREFRY, it crumbles to dust.
It is a scroll of enchant armour.
Your +0 robe glows green for a moment.
* * * LOW HITPOINT WARNING * * *
You feel sick. The goblin hits you with a +0 club.
* * * LOW HITPOINT WARNING * * *
As you read the scroll labelled UMINEZI SIHYMN, it crumbles to dust.
It is a scroll of enchant weapon.
You aren't carrying any weapons that can be enchanted.
* * * LOW HITPOINT WARNING * * *
You feel sick. The goblin hits you with a +0 club.
You die...

.# #.#
#..# #...#
##....#
##w....#
##o.....#
##g{.....#
#@#<####.#
#.#......#
#.#.######
....#
..### #..#
#..# #..#


You could see a dart slug, an orc and a goblin.

Vanquished Creatures
  An adder (D:2)
  A worm (D:2)
  3 dart slugs
  6 bats (D:1)
  5 endoplasms
  2 giant cockroaches (D:1)
  5 goblins
  7 hobgoblins
  4 jackals
  3 kobolds
  2 quokkas
  4 ball pythons
  6 frilled lizards
  6 rats
55 creatures vanquished.

Notes
Turn   | Place    | Note
-------+----------+-------------------------------------------
     0 | D:1      | sizableburger the Ogre Transmuter began the quest for the
                  | Orb.
     0 | D:1      | Reached XP level 1. HP: 19/19 MP: 3/3
   403 | D:1      | Reached XP level 2. HP: 28/28 MP: 5/5
   696 | D:1      | Reached XP level 3. HP: 15/36 MP: 4/6
   937 | D:1      | Learned a level 2 spell: Wereblood
  2581 | D:2      | Reached XP level 4. HP: 39/44 MP: 7/7
  3513 | D:3      | Slain by a goblin

Illustrated notes

Levels and vault maps discovered:
D:1:      dpeg_arrival_lava_temple_mockup, layout_basic, hangedman_decor_push,
          minmay_pentomino_w2
D:2:      layout_basic, serial_curves, eino_curves_02, eino_curves_03
D:3:      layout_loops_ring, xom_teletrap_fun, serial_shops, shop, shop,
          serial_park_tiny_1, wad_orctagon

Skill      XL: |  1  2  3  4 |
---------------+-------------+-----
Transmutations | 2 |  2.6
Fighting       | 2 3 |  3.1
Unarmed Combat | 3 |  3.3
Dodging        | |  1.7
Spellcasting   | |  2.8

Action                   |  1- 3 |  4- 6 || total
-------------------------+-------+-------++-------
Melee: Dagger            |    89 |       ||    89
       Unarmed           |    65 |    35 ||   100
       Kick              |     2 |       ||     2
       Headbutt          |     4 |       ||     4
       Punch             |     2 |       ||     2
 Cast: Beastly Appendage |     5 |     3 ||     8
       Wereblood         |     2 |     1 ||     3
  Use: Scroll            |     3 |     2 ||     5
       Potion            |       |     1 ||     1
 Stab: Sleeping          |       |     1 ||     1
Armor: Robe              |    45 |    14 ||    59
Dodge: Dodged            |    76 |    12 ||    88

Table legend: (Time is in decaauts)
 A = Elapsed time spent in this place.
 B = Non-inter-level travel time spent in this place.
 C = Inter-level travel time spent in this place.
 D = Time resting spent in this place.
 E = Time spent auto-exploring this place.
 F = Levels seen in this place.
 G = Mean time per level.
                   A        B        C        D        E       F      G
               +--------+--------+--------+--------+--------+-----+--------+
         Total |   3507 |   3324 |    183 |   1011 |   1745 |   3 | 1169.0 |
       Dungeon |   3507 |   3324 |    183 |   1011 |   1745 |   3 | 1169.0 |
               +--------+--------+--------+--------+--------+-----+--------+

Top non-repeatable levels by time:
     D:1: 1767 daAuts
     D:2: 1725 daAuts
     D:3: 14 daAuts
